AoeStats
← Valfar

African Clearing

506431993Analyzed
4v4 RM · 17d ago on Sep 13, 2026· 34m 30s· 8 players
Game mode
Random Map
Map size
Large (8 player)
Population
200
Speed
Normal
Resources
Standard
Victory
Conquest
Starting age
Dark Age
Ending age
Imperial Age
RankedLock teamsTeams togetherTeam positionsShared explorationLock speedFull tech treeHidden civsTurbo modeCheats
Victory
Defeat
🇨🇳 Franks · China
1182
+15
1171
+15
🇨🇳 Byzantines · China
1129
+17
🇵🇪 Magyars · Peru
1060
+19
🇹🇷 Vietnamese · Türkiye
1169
-17
🇩🇪 Mongols · Germany
1152
-17
🇲🇽 Burgundians · Mexico
1135
-16
🇹🇷 Vikings · Türkiye
1126
-16
Lalopecia Chila
4:57 Loom
15:19 Feudal Age
14:02 Double-Bit Axe
20:53 Castle Age
18:44 Horse Collar
20:58 Forging
21:54 Husbandry
28:07 Scale Barding Armor
Valfar
9:15 Loom
16:21 Feudal Age
21:27 Castle Age
bulger97
6:24 Loom
13:30 Feudal Age
14:45 Double-Bit Axe
20:52 Castle Age
23:45 Crossbowman
25:32 Padded Archer Armor
25:59 Fletching
27:54 Bodkin Arrow
34:46 Ballistics
hirax34
9:31 Loom
12:41 Feudal Age
22:54 Castle Age
23:19 Double-Bit Axe
Sr. Manatí
8:17 Loom
15:15 Feudal Age
18:36 Double-Bit Axe
18:34 Horse Collar
18:44 Town Watch
21:15 Castle Age
20:53 Stone Mining
23:03 Bow Saw
23:23 Gold Mining
29:06 Corvinian Army
30:36 Heavy Plow
32:20 Gold Shaft Mining
32:27 Husbandry
32:38 Bloodlines
33:44 Wheelbarrow
34:08 Scale Barding Armor
Yisus Patitas Suaves
9:30 Loom
12:04 Feudal Age
13:12 Man-at-Arms
16:39 Double-Bit Axe
20:53 Castle Age
19:02 Horse Collar
21:56 Wheelbarrow
23:38 Hand Cart
23:09 Town Watch
23:37 Bow Saw
23:29 Heavy Plow
27:18 Town Patrol
27:58 Fletching
31:17 Thumb Ring
33:55 Imperial Age
31:07 Elite Skirmisher
32:16 Padded Archer Armor
32:12 Bodkin Arrow
32:51 Gold Mining
33:46 Ballistics
33:45 Leather Archer Armor
34:00 Imperial Skirmisher
34:43 Bracer
35:13 Ring Archer Armor
35:58 Chemistry
subaru
13:35 Feudal Age
12:25 Loom
15:22 Double-Bit Axe
16:36 Forging
18:57 Castle Age
21:06 Scale Barding Armor
21:36 Iron Casting
23:33 Husbandry
24:52 Wheelbarrow
24:45 Bow Saw
25:59 Chain Barding Armor
32:19 Gold Mining
monom song
5:30 Loom
12:28 Feudal Age
13:16 Double-Bit Axe
19:40 Gold Mining
23:16 Castle Age
24:20 Scale Barding Armor
24:55 Bow Saw
26:05 Chain Barding Armor
27:19 Horse Collar
29:34 Wheelbarrow
31:49 Husbandry
Connection lost

Rejoining the realm…

Still unreachable

The connection could not be restored.

Session expired

The server has moved on; the page needs a fresh start.